 Dungeon Crawl Stone Soup version 0.31-a0-36-g603a1083af (webtiles) character file.

Game seed: 12051856921112927617

9846 Bennjico the Fighter (level 11, -2/150 HPs)
             Began as a Minotaur Fighter on May 14, 2023.
             Was an Elder of Okawaru.
             Succumbed to Urug's poison
             ... on level 11 of the Dungeon.
             The game lasted 00:17:01 (10758 turns).

Bennjico the Fighter (Minotaur Fighter)            Turns: 10758, Time: 00:17:01

Health: -2/150     AC: 16    Str: 29    XL:     11   Next: 28%
Magic:  10/10      EV: 13    Int:  5    God:    Okawaru [****..]
Gold:   1148       SH:  6    Dex: 10    Spells: 10/10 levels left

rFire   . . .        a - +2 war axe (freeze)
rCold   . . .        c - +0 buckler
rNeg    . . .        b - +1 scale mail
rPois   .            (helmet restricted)
rElec   .            E - +2 cloak
rCorr   .            k - +2 pair of gloves
SInv    .            (no boots)
Will    .....        (no amulet) Stlth
                     h - +6 ring of strength
HPRegen 0.45/turn    f - ring of flight
MPRegen 0.12/turn

%: no passive effects
@: berserking (expiring), lethally poisoned (-2 -> -17), flying, unable to
drink, very quick
A: horns 2, retaliatory headbutt, weak 1, wild magic 1, inability to drink after
injury 1
a: Renounce Religion, Heroism, Finesse


You were on level 11 of the Dungeon.
You worshipped Okawaru.
Okawaru was greatly pleased with you.
You visited 2 branches of the dungeon, and saw 12 of its levels.

You collected 1228 gold pieces.
You spent 80 gold pieces at shops.

Inventory:

Hand Weapons
 a - a +2 war axe of freezing (weapon)
Missiles
 m - 7 throwing nets (quivered)
Armour
 b - a +1 scale mail (worn)
 c - a +0 buckler (worn)
 g - an orb of light
 k - a +2 pair of gloves (worn)
 E - a +2 cloak (worn)
Jewellery
 f - a ring of flight (right hand)
 h - a +6 ring of strength (left hand)
 u - a +6 ring of intelligence
 B - a ring of protection from fire
Wands
 q - a wand of mindburst (11)
 s - a wand of acid (2)
 z - a wand of iceblast (15)
Scrolls
 o - 3 scrolls of teleportation
 p - 7 scrolls of immolation
 x - a scroll of enchant armour
 y - 2 scrolls of blinking
 D - a scroll of fear
Potions
 d - 2 potions of berserk rage
 e - a potion of attraction
 j - 4 potions of heal wounds
 l - 2 potions of curing
 n - a potion of resistance
 r - 3 potions of cancellation
 t - a potion of invisibility
 w - 3 potions of lignification {unknown}
 A - a potion of magic {unknown}
 C - a potion of flight {unknown}


   Skills:
 + Level 10.3 Fighting
 + Level 9.9 Axes
 + Level 10.2 Armour
 + Level 8.7 Dodging
 + Level 10.3 Shields


You had 10 spell levels left.
You didn't know any spells.
Your spell library contained the following spells:

 Spells                   Type           Power      Damage    Failure   Level
 Sublimation of Blood     Necr           0%         N/A       90%         2
 Wereblood                Tmut           0%         N/A       90%         2
 Ignite Poison            Fire/Tmut/Pois 0%         N/A       98%         3
 Sticky Flame             Conj/Fire      0%         2d3       100%        4
 Ignition                 Fire           0%         3d3       100%        8
 Summon Ice Beast         Ice/Summ       Unusable   N/A       N/A         4
 Summon Mana Viper        Hex/Summ       Unusable   N/A       N/A         5
 Monstrous Menagerie      Summ           Unusable   N/A       N/A         7
 Summon Hydra             Summ           Unusable   N/A       N/A         7

Dungeon Overview and Level Annotations

Branches:
Dungeon (11/15)            Temple (1/1) D:7            Lair (0/5) D:9
    Orc: D:9-12

Altars:
Ashenzari
Cheibriados
Dithmenos
Elyvilon
Fedhas
Gozag
Hepliaklqana
Kikubaaqudgha
Makhleb
Nemelex Xobeh
Okawaru
Ru
Sif Muna
Trog
Vehumet
Wu Jian
Xom
Yredelemnul
The Shining One

Shops:
D:10 *

Annotations:
D:7 3 runed translucent doors, PirateVox's ghost, novice TrMo
D:11 Urug


Innate Abilities, Weirdness & Mutations

You have a pair of horns on your head.
You reflexively headbutt those who attack you in melee.
You are weak. (Str -2)
Your spells are a little harder to cast, but a little more powerful.
You occasionally lose the ability to drink potions when taking damage.


Message History

Urug squints and says, "You're the ugliest harpy I ever saw."
Urug hits you with a +0 great sword of venom!
You are more poisoned.
Unknown command.
You hit Urug but do no damage. Your headbutt misses Urug.
Urug is severely wounded.
You feel very sick.
Unknown command.
You barely miss Urug.
Urug is severely wounded.
You feel very sick.
Urug squints and says, "My one eye mightn't be all that good, but I can see you just fine with it, harpy."
Urug hits you with a +0 great sword of venom!
* * * LOW HITPOINT WARNING * * *
You closely miss Urug. Your headbutt misses Urug.
Urug is severely wounded.
You feel very sick.
Urug hits you with a +0 great sword of venom!!
You feel threatened and lose the ability to drink potions!
* * * LOW HITPOINT WARNING * * *
Unknown command.
You cannot drink potions in your current state!
You cannot drink potions in your current state!
Unknown command.
You are too berserk!
Unknown command.
Unknown command.
You slash Urug! You freeze Urug. You headbutt Urug.
Urug is severely wounded.
* * * LOW HITPOINT WARNING * * *
You feel very sick.
You closely miss Urug.
Urug is severely wounded.
* * * LOW HITPOINT WARNING * * *
You feel sick. Urug hits you but does no damage.
You are more poisoned.
You barely miss Urug.
Urug is severely wounded.
You are no longer corroded.
You die...

#.# #.# .# #.# #.# .#
##.#####.########.#####^
..........>.............
.######.######..........
.# #.# #.......... .#
#.# #.......... .# #.#
#...o......
.######.######..@.......
.............>..........
............##########.#
............# #
............#
............#
............#
............#
.............


You could see Urug.

Vanquished Creatures
  Nergalle (D:11)
  Lodul (D:10)
  A manticore (D:9)
  Joseph (D:8)
  Maggie (D:8)
  2 trolls
  Prince Ribbit (D:7)
  A shadow (D:11)
  6 yaks
  A vampire (D:11)
  2 wyverns (D:8)
  A basilisk (D:11)
  2 acid dragons
  2 water moccasins (D:9)
  Duvessa (D:7)
  4 orc warriors
  2 ice beasts
  2 sky beasts
  10 ogres
  5 black bears
  3 centaurs
  2 phantoms
  3 kobold brigands
  5 bullfrogs
  4 scorpions
  A gnoll sergeant (D:10)
  8 wights
  Dowan (D:7)
  3 killer bees (D:11)
  4 electric eels (D:10)
  7 howler monkeys
  A jelly (D:6)
  7 orc priests
  A gnoll bouda (D:8)
  2 hounds
  An iguana (D:4)
  A sleepcap (D:4)
  11 orc wizards
  Robin (D:2)
  12 gnolls
  7 adders
  A shadow imp (D:7)
  A white imp (D:8)
  2 ufetubi (D:5)
  4 worms
  5 dart slugs
  26 orcs
  5 bats
  12 endoplasms
  4 giant cockroaches
  8 hobgoblins
  4 jackals (D:1)
  6 quokkas
  13 ball pythons
  9 frilled lizards
  14 goblins
  27 kobolds
  5 rats
278 creatures vanquished.

Notes
Turn   | Place    | Note
-------+----------+-------------------------------------------
     0 | D:1      | Bennjico the Minotaur Fighter began the quest for the Orb.
     0 | D:1      | Reached XP level 1. HP: 19/19 MP: 0/0
   128 | D:1      | Reached XP level 2. HP: 27/27 MP: 1/1
   422 | D:1      | Found a faded altar of an unknown god.
   525 | D:1      | Reached skill level 1 in Dodging
   790 | D:2      | Reached XP level 3. HP: 33/33 MP: 2/2
  1110 | D:2      | Noticed Robin
  1116 | D:2      | Killed Robin
  1117 | D:2      | Reached XP level 4. HP: 40/40 MP: 3/3
  1247 | D:2      | Found a radiant altar of Vehumet.
  2320 | D:4      | Reached XP level 5. HP: 28/47 MP: 4/4
  3400 | D:3      | Reached XP level 6. HP: 55/55 MP: 5/5
  3600 | D:4      | Found a shadowy altar of Dithmenos.
  3988 | D:4      | Reached skill level 5 in Fighting
  3988 | D:4      | Reached skill level 5 in Armour
  3988 | D:4      | Reached skill level 5 in Shields
  4153 | D:4      | Noticed an orc warrior
  4161 | D:4      | Killed an orc warrior
  4192 | D:4      | Reached XP level 7. HP: 51/61 MP: 6/6
  4548 | D:5      | Entered Level 5 of the Dungeon
  4756 | D:5      | Reached skill level 5 in Axes
  4944 | D:5      | Found a burning altar of Makhleb.
  4944 | D:5      | Found a snail-covered altar of Cheibriados.
  4952 | D:5      | Found a basalt altar of Yredelemnul.
  4955 | D:5      | Found a sparkling altar of Nemelex Xobeh.
  4957 | D:5      | Found a shimmering blue altar of Sif Muna.
  5408 | D:6      | Reached XP level 8. HP: 67/70 MP: 7/7
  6082 | D:7      | Reached skill level 5 in Dodging
  6465 | D:7      | Reached XP level 9. HP: 79/79 MP: 8/8
  6476 | D:7      | Noticed Duvessa
  6476 | D:7      | Noticed Dowan
  6482 | D:7      | Killed Duvessa
  6483 | D:7      | Killed Dowan
  6570 | D:7      | Found a glowing golden altar of the Shining One.
  6603 | D:7      | Found a staircase to the Ecumenical Temple.
  6615 | D:7      | Noticed Prince Ribbit
  6617 | Temple   | Entered the Ecumenical Temple
  6636 | Temple   | Became a worshipper of Warmaster Okawaru
  6664 | D:7      | Killed Prince Ribbit
  6895 | D:7      | Found a runed translucent gate.
  6895 | D:7      | Found a runed translucent gate.
  6896 | D:7      | Found a runed translucent gate.
  6897 | D:7      | Noticed a kobold demonologist
  6898 | D:7      | Noticed PirateVox's ghost (novice TrMo)
  7101 | D:7      | Found a blossoming altar of Fedhas.
  7347 | D:8      | Identified the +1 leather armour of Poor Excuses {Harm
                  | Regen+}
  7371 | D:8      | Found a bloodstained altar of Trog.
  7548 | D:8      | Reached * piety under Okawaru
  7684 | D:8      | Noticed Joseph
  7691 | D:8      | Killed Joseph
  7920 | D:8      | Noticed Maggie
  7929 | D:8      | Killed Maggie
  7930 | D:8      | Reached XP level 10. HP: 72/90 MP: 9/9
  7934 | D:8      | Reached ** piety under Okawaru
  8245 | D:9      | Found a staircase to the Lair.
  8664 | D:9      | Noticed a manticore
  8672 | D:9      | Killed a manticore
  8672 | D:9      | Reached *** piety under Okawaru
  9242 | D:10     | Entered Level 10 of the Dungeon
  9699 | D:10     | Found Ytwuu's Changing Room.
  9723 | D:10     | Bought a potion of mutation for 80 gold pieces
  9723 | D:10     | Gained mutation: You are dopey. (Int -2) [potion of
                  | mutation]
  9723 | D:10     | Gained mutation: Armour fits poorly on your strangely
                  | shaped body. [potion of mutation]
  9724 | D:10     | Lost mutation: You are dopey. (Int -2) [potion of mutation]
  9724 | D:10     | Lost mutation: Armour fits poorly on your strangely shaped
                  | body. [potion of mutation]
  9724 | D:10     | Gained mutation: You occasionally shout uncontrollably at
                  | your foes. [potion of mutation]
  9724 | D:10     | Gained mutation: You possess an exceptional clarity of
                  | mind. [potion of mutation]
  9724 | D:10     | Gained mutation: Your spells are a little harder to cast,
                  | but a little more powerful. [potion of mutation]
  9725 | D:10     | Lost mutation: You possess an exceptional clarity of mind.
                  | [potion of mutation]
  9725 | D:10     | Lost mutation: Your spells are a little harder to cast, but
                  | a little more powerful. [potion of mutation]
  9725 | D:10     | Lost mutation: You occasionally shout uncontrollably at
                  | your foes. [potion of mutation]
  9725 | D:10     | Gained mutation: You have sharp toenails. [potion of
                  | mutation]
  9726 | D:10     | Lost mutation: You have sharp toenails. [potion of
                  | mutation]
  9726 | D:10     | Gained mutation: You occasionally lose the ability to read
                  | scrolls when taking damage. [potion of mutation]
  9726 | D:10     | Gained mutation: You are frail. (-10% HP) [potion of
                  | mutation]
  9726 | D:10     | Gained mutation: You sometimes lose your temper in combat.
                  | [potion of mutation]
  9726 | D:10     | Lost mutation: You are frail. (-10% HP) [potion of
                  | mutation]
  9727 | D:10     | Lost mutation: You sometimes lose your temper in combat.
                  | [potion of mutation]
  9727 | D:10     | Lost mutation: You occasionally lose the ability to read
                  | scrolls when taking damage. [potion of mutation]
  9727 | D:10     | Gained mutation: Your spells are a little harder to cast,
                  | but a little more powerful. [potion of mutation]
  9727 | D:10     | Gained mutation: You occasionally lose the ability to drink
                  | potions when taking damage. [potion of mutation]
  9727 | D:10     | Gained mutation: You are weak. (Str -2) [potion of
                  | mutation]
  9946 | D:10     | Noticed Lodul
  9965 | D:10     | Killed Lodul
  9965 | D:10     | Reached **** piety under Okawaru
  9976 | D:10     | Reached XP level 11. HP: 98/99 MP: 10/10
  9991 | D:10     | Reached skill level 10 in Fighting
  9991 | D:10     | Reached skill level 10 in Shields
 10153 | D:11     | Reached skill level 10 in Armour
 10362 | D:11     | Found an ancient bone altar of Kikubaaqudgha.
 10364 | D:11     | Noticed Nergalle
 10382 | D:11     | Killed Nergalle
 10737 | D:11     | Noticed Urug
 10755 | D:11     | HP: 5/150 [Urug/+0 great sword of venom (24)]
 10756 | D:11     | HP: 2/150 [poisoned by Urug]
 10758 | D:11     | Succumbed to Urug's poison

Illustrated notes

Levels and vault maps discovered:
D:1:      psy_arrival_statuary, layout_loops_ring,
          hellmonk_ecumenical_altar_zigzags
D:2:      layout_basic, basic_altar, nicolae_hexahallways,
          minmay_increasing_density, uniq_robin
D:3:      layout_basic, hangedman_abyss_or_decor_lesser_grid,
          hangedman_decor_push, minmay_quantized
D:4:      layout_layer_cave, grunt_dithmenos_smoke_and_mirrors
D:5:      layout_basic, chequers_temple_overflow_minitemple
D:6:      layout_basic
D:7:      layout_basic, overflow_temple_1_default, general_overflow_altar,
          minmay_temple_entry_junction_2, gammafunk_ghost_nasty_kobolds,
          minmay_misc_feat_more_columns, uniq_duvessa, uniq_prince_ribbit1
D:8:      layout_rooms, kennysheep_mini_moat, minmay_misc_feat_roman,
          lemuel_flamethrower_1, uniq_joseph, uniq_maggie
D:9:      layout_grid_maze, due_lair_maze_entry_diamond
D:10:     layout_roguey, nicolae_transmutations_shop,
          chequers_serial_rivers_large_a, kennysheep_boxes, uniq_lodul
D:11:     layout_small_grid, kiku_gazebo_pond_becter, uniq_nergalle, uniq_urug
Temple:   nicolae_temple_god_jail

Skill      XL: |  1  2  3  4  5  6  7  8  9 10 11 |
---------------+----------------------------------+-----
Dodging        | 1 2 3 4 5 6 8 |  8.7
Fighting       | 4 5 6 7 8 9 10 | 10.3
Armour         | 4 5 6 7 8 9 10 | 10.2
Shields        | 4 5 6 7 8 9 10 | 10.3
Axes           | 3 4 5 6 8 9 |  9.9

Action                     |  1- 3 |  4- 6 |  7- 9 | 10-12 || total
---------------------------+-------+-------+-------+-------++-------
  Melee: War axe           |    84 |   128 |   219 |   204 ||   635
         Headbutt          |     8 |    15 |    33 |    39 ||    95
    Use: Scroll            |     6 |    10 |     8 |     3 ||    27
         Potion            |       |     2 |       |    13 ||    15
 Armour: Scale mail        |    31 |    46 |   111 |    75 ||   263
  Dodge: Dodged            |    44 |    51 |   115 |   104 ||   314
  Block: Buckler           |    20 |    26 |    53 |    36 ||   135

Table legend: (Time is in decaauts)
 A = Elapsed time spent in this place.
 B = Non-inter-level travel time spent in this place.
 C = Inter-level travel time spent in this place.
 D = Time resting spent in this place.
 E = Time spent auto-exploring this place.
 F = Levels seen in this place.
 G = Mean time per level.
                   A        B        C        D        E       F      G
               +--------+--------+--------+--------+--------+-----+--------+
         Total |  10840 |  10611 |    229 |    412 |   8511 |  12 |  903.3 |
       Dungeon |  10806 |  10591 |    215 |    412 |   8507 |  11 |  982.4 |
        Temple |     33 |     19 |     14 |      0 |      4 |   1 |   33.0 |
               +--------+--------+--------+--------+--------+-----+--------+

Top non-repeatable levels by time:
     D:4: 1407 daAuts
     D:7: 1393 daAuts
     D:3: 1348 daAuts
     D:9: 1192 daAuts
     D:2: 1061 daAuts
    D:10: 878 daAuts
     D:5: 820 daAuts
     D:8: 818 daAuts
     D:1: 790 daAuts
    D:11: 615 daAuts
     D:6: 482 daAuts
  Temple: 33 daAuts
